 Dungeon Crawl Stone Soup version 0.29.1-15-g9cfb28693d (webtiles) character file.

Game seed: 3799353053165956105

14 H0rd4k the Charlatan (level 2, -1/21 HPs)
             Began as a Human Artificer on May 2, 2023.
             Slain by a kobold
             ... wielding a +0 whip
              (3 damage)
             ... on level 1 of the Dungeon.
             The game lasted 00:00:52 (922 turns).

H0rd4k the Charlatan (Human Artificer)               Turns: 922, Time: 00:00:52

Health: -1/21      AC:  3    Str: 12    XL:     2   Next: 55%
Magic:  2/2        EV: 11    Int: 11    God:
Gold:   11         SH:  0    Dex: 13    Spells: 1/1 levels left

rFire   . . .      SeeInvis .   a - +0 club
rCold   . . .      Faith    .   (no shield)
rNeg    . . .      Spirit   .   b - +0 leather armour
rPois   .          Reflect  .   (no helmet)
rElec   .          Harm     .   (no cloak)
rCorr   .          Rampage  .   (no gloves)
Will    .....                   (no boots)
Stlth   +.........              (no amulet)
HPRegen 0.07/turn               (no ring)
MPRegen 0.08/turn               (no ring)

@: no status effects
A: no striking features
a: no special abilities


You were on level 1 of the Dungeon.
You visited 1 branch of the dungeon, and saw 1 of its levels.

You collected 11 gold pieces.

Inventory:

Hand Weapons
 a - a +0 club (weapon)
Armour
 b - a +0 leather armour (worn)
Jewellery
 f - an amulet of reflection
Wands
 c - a wand of flame (15) (quivered)
 d - a wand of charming (11)
 e - a wand of iceblast (4)
Scrolls
 g - a scroll of teleportation {unknown}
Potions
 h - a potion of heal wounds {unknown}


   Skills:
 + Level 1.0 Fighting
 + Level 0.2 Maces & Flails
 - Level 2.0 Armour
 + Level 1.1 Dodging
 + Level 1.0 Stealth
 + Level 3.6 Evocations


You had one spell level left.
You didn't know any spells.
Your spell library contained the following spells:

 Spells                   Type           Power      Damage    Failure   Level
 Scorch                   Fire           0%         2d5       56%         2
 Call Canine Familiar     Summ           0%         N/A       80%         3
 Portal Projectile        Hex/Tloc       0%         N/A       80%         3
 Flame Wave               Conj/Fire      0%         2d4       99%         4
 Leda's Liquefaction      Hex/Erth       0%         N/A       99%         4
 Summon Cactus Giant      Summ           0%         N/A       100%        6


Dungeon Overview and Level Annotations

Branches:
Dungeon (1/15)

Altars:


Message History

A kobold comes into view. It is wielding a +0 whip.
The kobold shouts!
The bat hits you. x2
There are monsters nearby!
You hit the bat.
The bat is severely wounded.
The bat barely misses you.
There are monsters nearby!
A goblin comes into view. It is wielding a +0 dagger.
The goblin shouts!
The bat hits you but does no damage.
The kobold throws a stone.
The stone hits you.
You barely miss the bat. Your punch misses the bat.
The bat is severely wounded.
The bat misses you. The bat hits you.
You hit the bat.
You kill the bat!
The kobold hits you with a +0 whip.
You hit the goblin.
The goblin is moderately wounded.
The kobold closely misses you. The goblin closely misses you.
You closely miss the kobold. The kobold hits you with a +0 whip.
* * * LOW HITPOINT WARNING * * *
The kobold barely misses you.
You hit the kobold but do no damage. The kobold closely misses you.
You closely miss the kobold. The kobold barely misses you.
You hit the kobold but do no damage. The kobold closely misses you.
You hit the kobold but do no damage. The kobold barely misses you.
The kobold hits you with a +0 whip.
* * * LOW HITPOINT WARNING * * *
You hit the kobold.
The kobold is heavily wounded.
The kobold closely misses you.
You barely miss the kobold.
The kobold is heavily wounded.
The kobold closely misses you.
You hit the kobold but do no damage.
The kobold is heavily wounded.
The kobold hits you with a +0 whip.
You die...

#.#####......######.r.......
.............).....!..).....
.........#########..........
...........# #..........
#######.##.... ............
### #..##### ###..........
..#####....#### #..........
#.............####K........
########........@Kg........
#####....##......... ##...#
....... ##...........
#........... ............
###.......### ##......#


You could see a goblin and 2 kobolds.

Vanquished Creatures
  An endoplasm (D:1)
  A goblin (D:1)
  2 hobgoblins (D:1)
  A bat (D:1)
  A kobold (D:1)
  3 rats (D:1)
9 creatures vanquished.

Vanquished Creatures (collateral kills)
  3 endoplasms (D:1)
3 creatures vanquished.

Vanquished Creatures (others)
  A quokka (D:1)
  A rat (D:1)
2 creatures vanquished.

Grand Total: 14 creatures vanquished

Notes
Turn   | Place    | Note
-------+----------+-------------------------------------------
     0 | D:1      | H0rd4k the Human Artificer began the quest for the Orb.
     0 | D:1      | Reached XP level 1. HP: 15/15 MP: 1/1
   463 | D:1      | Reached XP level 2. HP: 14/21 MP: 2/2
   922 | D:1      | Slain by a kobold

Illustrated notes

Levels and vault maps discovered:
D:1:      matt_arrival_spirals, layout_rooms,
          shapermc_ecumenical_altar_mp_ritualfount, serial_shops,
          nicolae_diamond_shop, minmay_tetromino_l2

Action                   || total
-------------------------++-------
Melee: Club              ||    54
       Punch             ||     1
Evoke: Wand              ||     5
Armor: Leather armour    ||    19
Dodge: Dodged            ||    47
